Cogmind - Beta 12 @@@ ROGUE MODE // 2023.11.09 @ 04:24:32 Player: Ev Result: Self-destructed Performance ------------- Evolutions (0) 0 Regions Visited (4) 800 Robots Destroyed (20) 100 Value Destroyed (410) 410 Prototype IDs (0) 0 Alien Tech Used (0) 0 Bonus (300) 300 TOTAL SCORE: 1610 Bonus ------- Aligned with FarCom 300 Cogmind --------- Core Integrity 83/250 Matter 219/300 Energy 250/250 System Corruption 2% Temperature Cool (6) Movement Flying (200) Ox2 Location -9/Mines Parts ------- > --- POWER (1) -------- Ion Engine > --- PROPULSION (2) --- Flight Unit > --- UTILITY (2) ------ Signal Interpreter > --- WEAPON (2) ------- Improved Light Cannon > --- INVENTORY (5) ---- Flying Fortress v7 Improved Sensor Array Peak State ------------ > --- POWER ------------ Light Ion Engine > --- PROPULSION ------- Flight Unit Flight Unit > --- UTILITY ---------- Signal Interpreter Reaction Control System > --- WEAPON ----------- Beam Rifle Improved Light Cannon > --- INVENTORY -------- Flying Fortress v7 Weight Redist. System [Rating: 14] Favorites ----------- Power Light Ion Engine Engine Light Ion Engine Propulsion Flight Unit Leg Aluminum Leg Hover Unit Hover Unit Flight Unit Flight Unit Utility Signal Interpreter Device Reaction Control System Storage High-capacity Battery Processor Signal Interpreter Weapon Improved Light Cannon Energy Gun Beam Rifle Energy Cannon Beam Cannon Ballistic Gun Assault Rifle Ballistic Cannon Improved Light Cannon Build | -11 -10 -10 -10 -9 ------- Run | Jun Mat Min Exi Min Slots Evolved . | . . . . . Power . | . . . . . Propulsion . | . . . . . Utility . | . . . . . Weapon . | . . . . . Parts Attached 22 | 6 13 1 1 1 Power 3 | 1 1 . . 1 Engine 3 | 1 1 . . 1 Core . | . . . . . Reactor . | . . . . . Propulsion 6 | 2 4 . . . Treads . | . . . . . Leg 2 | 2 . . . . Wheel . | . . . . . Hover 2 | . 2 . . . Flight 2 | . 2 . . . Utility 5 | 1 3 . 1 . Device 2 | . 1 . 1 . Storage 2 | 1 1 . . . Processor 1 | . 1 . . . Hackware . | . . . . . Protection . | . . . . . Artifact . | . . . . . Weapon 8 | 2 5 1 . . Energy Gun 2 | . 1 1 . . Energy Cannon 1 | . 1 . . . Ballistic Gun 4 | 2 2 . . . Ballistic Cannon 1 | . 1 . . . Launcher . | . . . . . Special Weapon . | . . . . . Impact Weapon . | . . . . . Slashing Weapon . | . . . . . Piercing Weapon . | . . . . . Special Melee Weapon . | . . . . . Unidentified Prototypes . | . . . . . Parts Lost 8 | . 5 . . 3 Power 1 | . 1 . . . Propulsion 3 | . 2 . . 1 Utility 1 | . . . . 1 Weapon 3 | . 2 . . 1 Highest Loss Streak 5 | . 5 . . 3 To Critical Strikes 1 | . 1 . . . Average Slot Usage (%) 97 | . 92 100 100 99 Engine 13 | . 13 14 14 14 Leg 1 | . 3 . . . Hover 5 | . 16 . . . Flight 20 | . 6 28 28 28 Device 10 | . 3 14 14 13 Storage 3 | . 10 . . . Processor 13 | . 12 14 14 14 Energy Gun 10 | . 2 14 14 14 Energy Cannon 2 | . 8 . . . Ballistic Gun 4 | . 13 . . . Ballistic Cannon 10 | . 2 14 14 14 Naked Turns . | . . . . . Heaviest Build 13 | 12 13 10 11 13 Greatest Support 20 | 20 20 14 14 8 Greatest Overweight (x) 2 | . 1 . 1 2 Average Overweight (x) . | . . . . 1 Largest Inventory Capacity 8 | 8 8 5 5 5 Average Capacity 5 | 6 5 5 5 5 Most Carried 5 | 2 5 5 5 5 Average Carried 4 | . 3 4 4 5 Final Capacity 8 | 8 5 5 5 5 Final Carried 5 | . 5 5 5 5 Class Distribution -------------------- 100% | Mutant Dominant Class ---------------- Mutant | -10/Materials Mutant | -10/Mines Mutant | -10/Exiles Mutant | -9/Mines Resources | -11 -10 -10 -10 -9 ----------- Run | Jun Mat Min Exi Min Matter Collected 538 | 176 275 30 . 57 Remotely . | . . . . . Salvage Created 495 | . 368 36 . 91 Parts 35 | . 27 3 . 5 Haulers Intercepted 2 | . 2 . . . Recyclers Shooed 3 | . 3 . . . Parts Field Recycled . | . . . . . Retrieved Matter . | . . . . . Parts Self-Destructed . | . . . . . Prevented . | . . . . . Kills | -11 -10 -10 -10 -9 ------- Run | Jun Mat Min Exi Min Combat Hostiles Destroyed 16 | . 10 3 . 3 Guns 8 | . 6 1 . 1 Cannons 8 | . 4 2 . 2 Classes Destroyed 4 | . 4 . . . Hauler 2 | . 2 . . . Watcher 2 | . 2 . . . Swarmer 9 | . 6 3 . . Grunt 7 | . 4 . . 3 Best Kill Streak 6 | . 6 3 . 3 Combat Bots Only 6 | . 6 3 . 3 Max Kills in Single Turn 2 | . 1 1 . 2 Gunslinging . | . . . . . Exploded . | . . . . . Melee . | . . . . . Uniques/NPCs Destroyed . | . . . . . Combat | -11 -10 -10 -10 -9 -------- Run | Jun Mat Min Exi Min Damage Taken 806 | . 405 63 . 338 Core 167 | . 99 23 . 45 Absorbed by Shields . | . . . . . Core Remaining (%) 100 | 100 . . . . Volleys Fired 56 | . 44 5 . 7 Largest 2 | . 2 2 . 2 Hottest 95 | . 95 95 . 95 Shots Fired 111 | . 86 10 1 14 Gun 61 | . 48 5 1 7 Cannon 50 | . 38 5 . 7 Launcher . | . . . . . Special . | . . . . . Kinetic 60 | . 48 5 . 7 Thermal 51 | . 38 5 1 7 Explosive . | . . . . . Electromagnetic . | . . . . . Robot Hit Streak 9 | . 9 3 . 3 Robot Miss Streak 7 | . 7 2 . 3 Penetration Max . | . . . . . Secondary Targets 1 | . 1 . . . Max Gunslinging Chain 1 | . 1 . . . Shots Hit Robots 58 | . 45 6 . 7 Core Hits 25 | . 17 3 . 5 Critical Kills . | . . . . . Critical Parts Destroyed . | . . . . . Critical Strikes 1 | . . . . 1 Burn 1 | . . . . 1 Melee Attacks . | . . . . . Impact . | . . . . . Slashing . | . . . . . Piercing . | . . . . . Sneak Attacks . | . . . . . Combat Hostiles . | . . . . . Follow-up Attacks . | . . . . . Damage Inflicted 1045 | . 772 106 . 167 Guns 449 | . 348 43 . 58 Cannons 596 | . 424 63 . 109 Explosions . | . . . . . Melee . | . . . . . Ramming . | . . . . . Kinetic 619 | . 447 63 . 109 Thermal 426 | . 325 43 . 58 Explosive . | . . . . . Electromagnetic . | . . . . . Impact . | . . . . . Slashing . | . . . . . Piercing . | . . . . . Highest Corruption 2 | . 2 2 2 2 Average Corruption 2 | . 2 2 2 2 Corruption Purged . | . . . . . Corruption Blocked . | . . . . . Effects 15 | . . 3 3 9 Message Errors 3 | . . 1 . 2 Matter Fused 6 | . . 1 1 4 Heat Flow Errors 1 | . . . . 1 Energy Discharges 1 | . . . . 1 Data Loss (minor) 3 | . . 1 1 1 Misfires 1 | . . . 1 . Overload Shots . | . . . . . Overflow Damage . | . . . . . Projectiles . | . . . . . Explosions . | . . . . . Melee . | . . . . . Knockbacks 1 | . . . . 1 Impact . | . . . . . Kinetic 1 | . . . . 1 Secondary . | . . . . . Self-Inflicted Damage . | . . . . . Shots . | . . . . . Rammed . | . . . . . Targets Rammed . | . . . . . Kicked . | . . . . . Crushed . | . . . . . Highest Temperature 390 | . 282 195 30 390 Average Temperature 102 | . 80 98 17 177 Received Heat Transfer 273 | . 84 . . 189 Effects 2 | . . . . 2 Shutdowns 1 | . . . . 1 Energy Bleed 1 | . . . . 1 Siege Activations . | . . . . . Robots Corrupted . | . . . . . Combat Hostiles . | . . . . . Parts Fried . | . . . . . Impact Corruptions . | . . . . . Robots Melted . | . . . . . Combat Hostiles . | . . . . . Parts Melted . | . . . . . Heat Transferred 1036 | . 703 111 . 222 Parts Sabotaged . | . . . . . Parts Stolen . | . . . . . Parts Stripped . | . . . . . Power Chain Reactions . | . . . . . Missiles Intercepted . | . . . . . Alert | -11 -10 -10 -10 -9 ------- Run | Jun Mat Min Exi Min Peak Influence 195 | . 195 113 . 70 Initial 43 | . . 43 . . Average 77 | . 82 106 . 60 Maximum Alert Level . | . . . . . Low Security (%) 100 | 100 100 100 . 100 Level 1 . | . . . . . Level 2 . | . . . . . Level 3 . | . . . . . Level 4 . | . . . . . Level 5 . | . . . . . High Security . | . . . . . Max Security . | . . . . . Squads Dispatched 2 | . 1 1 . . Investigation 1 | . . 1 . . Extermination . | . . . . . Reinforcement 1 | . 1 . . . Assault . | . . . . . Garrison . | . . . . . Intercept . | . . . . . Searches Triggered . | . . . . . Construction Impeded . | . . . . . Haulers Reinforced . | . . . . . Active Scanning Responses . | . . . . . Cargo Convoy Interrupts . | . . . . . Stealth | -11 -10 -10 -10 -9 --------- Run | Jun Mat Min Exi Min Distress Signals 1 | . 1 . . . Communications Jammed . | . . . . . Distress Signals . | . . . . . Times Spotted 32 | . 17 3 . 12 Peak Tracking Total 8 | . 5 3 . 8 Tactical Retreats 3 | . 1 . . 2 Traps | -11 -10 -10 -10 -9 ------- Run | Jun Mat Min Exi Min Traps Triggered 1 | . 1 . . . Indirectly . | . . . . . Trap Hack Attempts . | . . . . . Triggered . | . . . . . Disarmed . | . . . . . Reprogrammed . | . . . . . Reused . | . . . . . Traps Extracted . | . . . . . Installed . | . . . . . Triggered . | . . . . . Machines | -11 -10 -10 -10 -9 ---------- Run | Jun Mat Min Exi Min Machines Disabled 4 | . 3 . 1 . Max in Single Turn 1 | . 1 . 1 . Machines Repaired . | . . . . . Machines Sabotaged . | . . . . . Overloaded Fab Kills . | . . . . . Hacking | -11 -10 -10 -10 -9 --------- Run | Jun Mat Min Exi Min Machines Accessed 4 | . 3 1 . . Terminals 3 | . 3 . . . Fabricators . | . . . . . Repair Stations . | . . . . . Recycling Units . | . . . . . Scanalyzers . | . . . . . Garrison Access . | . . . . . Total Hacks 10 | . 9 1 . . Successful 3 | . 2 1 . . Failed 7 | . 7 . . . Catastrophic 2 | . 2 . . . Database Lockouts . | . . . . . Manual 1 | . . . 1 . Terminals 9 | . 9 . . . Fabricators . | . . . . . Repair Stations . | . . . . . Recycling Units . | . . . . . Scanalyzers . | . . . . . Garrison Access . | . . . . . Terminal Hacks 3 | . 2 1 . . Open Door 1 | . . 1 . . Branch Access Points 1 | . 1 . . . Dispatch Records 1 | . 1 . . . Fabricator Hacks . | . . . . . Repair Station Hacks . | . . . . . Recycling Unit Hacks . | . . . . . Scanalyzer . | . . . . . Garrison Access Hacks . | . . . . . Unauthorized Hacks . | . . . . . Terminals . | . . . . . Fabricators . | . . . . . Repair Stations . | . . . . . Recycling Units . | . . . . . Scanalyzers . | . . . . . Garrison Access . | . . . . . Data Cores Recovered . | . . . . . Used . | . . . . . Hacking Detections 3 | . 3 . . . Full Trace Events 1 | . 1 . . . Feedback Events . | . . . . . Feedback Blocked . | . . . . . Robot Schematics Acquired . | . . . . . Robots Built . | . . . . . Authchips . | . . . . . Time . | . . . . . Total Robot Build Rating . | . . . . . Part Schematics Acquired . | . . . . . Parts Built . | . . . . . Authchips . | . . . . . Time . | . . . . . Total Part Build Rating . | . . . . . Parts Repaired . | . . . . . Time . | . . . . . Parts Recycled . | . . . . . Recycled Matter . | . . . . . Retrieved Matter . | . . . . . Retrieved Components . | . . . . . Parts Scanalyzed . | . . . . . Part Schematics Acquired . | . . . . . Parts Damaged . | . . . . . Bothacking | -11 -10 -10 -10 -9 ------------ Run | Jun Mat Min Exi Min Used RIF Installer . | . . . . . Robots Hacked . | . . . . . Non-combat . | . . . . . Combat . | . . . . . Robot Hacks Applied . | . . . . . Relay Couplers Released . | . . . . . Fabnet Peak Effective % . | . . . . . Robots Rewired . | . . . . . Allies Hacked . | . . . . . Hacks Repelled . | . . . . . Allies | -11 -10 -10 -10 -9 -------- Run | Jun Mat Min Exi Min Total Allies . | . . . . . Largest Group . | . . . . . Highest-Rated Group . | . . . . . Highest-Rated Ally . | . . . . . Total Orders . | . . . . . Ally Attacks . | . . . . . Total Damage . | . . . . . Kills . | . . . . . Allies Corrupted . | . . . . . Allies Melted . | . . . . . Intel | -11 -10 -10 -10 -9 ------- Run | Jun Mat Min Exi Min Robot Analysis Total . | . . . . . Derelict Logs Recovered 4 | . . 3 . 1 Drone Launches . | . . . . . Drone Recoveries . | . . . . . Exploration | -11 -10 -10 -10 -9 ------------- Run | Jun Mat Min Exi Min Turns Passed 1716 | 44 562 371 183 556 Spaces Moved 1929 | 31 502 677 267 452 Core 19 | 6 13 . . . Treads . | . . . . . Legs 61 | 25 36 . . . Wheels . | . . . . . Hover 250 | . 250 . . . Flight 1599 | . 203 677 267 452 Fastest Speed 37 | 50 37 37 37 117 Average Speed 66 | 106 56 37 66 117 Slowest Speed 200 | 120 120 37 117 200 Overloaded Moves . | . . . . . Propulsion Burnouts . | . . . . . Robots Hopped 11 | . 7 4 . . Cave-ins Triggered . | . . . . . Exploration Rate (%) 60 | 3 80 98 43 79 Regions Visited 4 Branch Regions 3 Pre-discovered Areas 2 | . . 1 . 1 Known Exits Taken 3 | . 1 1 1 . Unknown Exits Taken 1 | 1 . . . . Scrap Searched 1 | . . 1 . . Spaces Dug . | . . . . . Terrain Destroyed . | . . . . . Melee . | . . . . . Projectile . | . . . . . AOE . | . . . . . Terrain Rammed . | . . . . . Walls Destroyed . | . . . . . Machines Disabled . | . . . . . Actions | -11 -10 -10 -10 -9 --------- Run | Jun Mat Min Exi Min Total 2253 | 42 687 784 276 464 Wait 214 | . 113 98 . 3 Move 1905 | 30 489 668 266 452 Hop 9 | . 5 4 . . Pick Up 30 | 6 17 4 3 . Fast Attach . | . . . . . Attach 15 | 6 9 . . . Detach . | . . . . . Swap 7 | . 4 1 1 1 Drop 17 | . 6 4 6 1 Fire 56 | . 44 5 . 7 Melee . | . . . . . Ram . | . . . . . Kick . | . . . . . Crush . | . . . . . Escape Stasis . | . . . . . Rewire . | . . . . . Trap . | . . . . . Miscellaneous . | . . . . . Route ------- -11/Junkyard -10/Materials (discovered 2 exits: *Min x2) -10/Mines (discovered 3 exits: *Mat x2 / *Exi) -10/Exiles -9/Mines History --------- Turn | Location | Event 4 | -11/Junkyard | Discovered new exit (range 16) 45 | -11/Junkyard | Entered Materials 174 | -10/Materials | Identified exit to Mines 301 | -10/Materials | Build established: Mutant 494 | -10/Materials | Lost 5 parts (1p2n2w) 607 | -10/Materials | Entered Mines 620 | -10/Mines | Discovered new exit (range 10) 626 | -10/Mines | Identified exit to Materials 629 | -10/Mines | Met a Derelict bent on vengeance 676 | -10/Mines | Learned 8 Materials zone layouts 805 | -10/Mines | Discovered exit to Materials (range 9) 808 | -10/Mines | Learned location of Storage (-9) 900 | -10/Mines | Learned Materials terminal intel 903 | -10/Mines | Learned 2 Materials zone layouts 908 | -10/Mines | Met a Derelict shopkeep closing up shop 961 | -10/Mines | Received a Rocket Launcher from a helpful Derelict 976 | -10/Mines | Deemed a non-threat by the Exiles lab entrance 976 | -10/Mines | Discovered new exit (range 5) 977 | -10/Mines | Identified exit to Exiles 978 | -10/Mines | Entered Exiles 988 | -10/Exiles | Met 8R-AWN 991 | -10/Exiles | Discovered new exit (range 15) 996 | -10/Exiles | Identified exit to Mines 1010 | -10/Exiles | Met EX-HEX 1023 | -10/Exiles | Met EX-BIN 1028 | -10/Exiles | Aligned with FarCom system 1029 | -10/Exiles | Given EX-Vault access code 1039 | -10/Exiles | Opened EX-Vault 1043 | -10/Exiles | Found Prototype Flight Unit 1073 | -10/Exiles | Warned to stay clear of 0b10 Research branches 1161 | -10/Exiles | Left Exiles lab with Flying Fortress v7 1161 | -10/Exiles | Entered Mines 1163 | -9/Mines | Core integrity fell below 50% 1214 | -9/Mines | Found a hidden stash of uninstalled traps 1692 | -9/Mines | Learned location of Zion (-7) 1717 | -9/Mines | Self-destructed Last Messages --------------- 01354_ K-01 Serf collects debris. 01378_ TEJPTINY OUFW|IAXS6%6CD%UZ 01486_ System corrupted: Matter fused (-5). 01528_ System corrupted: Matter fused (-6). 01540_ C-30 ARC bursts open, deploying its payload. 01540_ G-47 Trooper unfolds itself. 01540_ G-34 Mercenary unfolds itself. 01564_ System corrupted: Matter fused (-6). 01600_ System corrupted: Component data lost. 01622_ System corrupted: Heat flow error (+258). 01648_ System corrupted: Energy discharge (-50). 01665_ 6TQQ&DMYM9KNP#GN 01665_ K-01 Serf collects debris. 01692_ Acquired derelict log, extracted data. World map updated: -7/Zion. 01707_ Reaction Control System destroyed. 01713_ Flight Unit destroyed. 01713_ K-01 Serf collects debris. 01715_ Beam Rifle destroyed. 01716_ K-01 Serf collects debris. Map ----- +----------------------------------------------------+ | ?????####?????????# ### #????# ###### | | ????? #?????????## #?# #????## | | ???## #??????????## ##?# #????# | | ??## ???????????# ##?## ###### ## ## ## | | ?## ??????????# #??# #### ### #? | | ?# ???????????# #??# ###### #??#####?# #? | | ?# ????????????# #??# #????## ##????????# #? | | ?# ??????????### #### #?????####?????????# #? | | ?# ???????????# #??????????????????# #? | | ?# #???????????# ######??????????????????# #? | | ?# ######????### ###???????????????????????# #? | | ?# ## ###### #?????????????????????????# #? | | ??# ###?????????????????????????# #? | | ?## #?????#############?????????# #? | | ## ## #####?????? #?????????# #? | | #### ##?????????? #?????????# #? | | #??####???####??# """ """ #?????????#"#? | | #????????## ##?# """ """ #?????????#%#? | | ##????????# #?# """ """ #????????? "#? | | ##?????????? #?# #????????? ##? | | ##???????????# #?########## ##????????? ??? | | ###########????# #??????????# #?????????? ??? | | ###?# % #????# #??????????# #?????????? ??? | | ????# % #???## ############ #?????????? ??? | | ????# % ##### g gb #?????????? ??? | | #???# % k @ g gg #?????????? ??? | | ##??# %k ##################?????????? ??? | | ##?# ### ##??????????????????????????????? | | #?# % #?# #???????????????????????????????? | | #?#### ###? ##??????????????????????????????? | | ##????# #??# ###????????????????????????????? | | ##????## ### #????????????????????g???????? | | ####### #????????????????g??????????? | | ### ?????????????????????????????? | | ## ### ##??# ????????????????????????????? | | ## #?# ##???? ????????????????????????????? | | ### #????? ???????????????????????????? | | ##### ##???? ???????????????????????????? | | #???# #????? ???????????????????????????? | | ##??## ### ?????????????????????????????? | | #???# #??# ??????????????????????????? | | #???# #???# ???????????????????????????? | | #???# #???? ###### ????????????????????????????? | | ##??# #?????#??????????????????????????????????? | | #### #????????????????????????????????????????? | | ## ##???????????????????????????????????????? | | & ##??????????????????????????????????????? | | & & ### #??????????????????????????????????? | | # & #??????????????????????????????????? | | #### #??????????????????????????????????? | +----------------------------------------------------+ Best States ------------- Heat Dissipation 25 Energy Generation 10 Energy Capacity 375 Matter Stores 300 Matter Capacity 300 Sight Range 16 Terrain Scan Density 10 Additional Mass Support 6 Evasion (%) 62 Item Schematics ----------------- None Robot Schematics ------------------ None Fabricated ------------ Nothing Alien Tech Used ----------------- None Achievements -------------- None Challenges ------------ None Game ------ Seed PlatingSeismicBlaster Manual? 0 Play Time 00:25:38 Cumulative 11.7 hours Start 2023.11.09 @ 03:49:35 End 2023.11.09 @ 04:24:32 Sessions 1 Manual Loads 0 Difficulty Rogue Special Mode None Game No. 29 Rogue 29 Adventurer 0 Explorer 0 Win Type - Total 0 Types 0/0/0/0/0/0/0/0/0 Lore% 6 Gallery% 17 Achievement% 10 Wizard Run 0 Options --------- ASCII 0 Keyboard 0 Movement Mouse Keybinds 0 Fullscreen 1 Font 24/Smallcaps Map View 76x50 Tactical HUD 1 Map Filters NONE Filters NONE Steam 1 RUN: 4287de99-3966-4281-a861-37510bcffb5e